 Dungeon Crawl Stone Soup version 0.31-a0-986-g5e6e4ef867 (webtiles) character file.

Game seed: 3062398526522721650

30828 porpoise the Slicer (level 13, -4/96 HPs)
             Began as a Demonspawn Enchanter on Nov 8, 2023.
             Was an Elder of Nemelex Xobeh.
             Slain by a death yak (14 damage)
             ... on level 4 of the Lair of Beasts.
             The game lasted 01:32:47 (19865 turns).

porpoise the Slicer (Demonspawn Enchanter)         Turns: 19865, Time: 01:32:52

Health: -4/96      AC: 17    Str:  9    XL:     13   Next: 22%
Magic:  19/21      EV: 13    Int: 27    God:    Nemelex Xobeh [****..]
Gold:   797        SH:  0    Dex: 23    Spells: 12/22 levels left

rFire   . . .        a - +3 rapier (vamp)
rCold   . . .        (no shield)
rNeg    . . .        J - +1 swamp dragon scales
rPois   +            (helmet restricted)
rElec   .            p - +1 cloak
rCorr   .            d - +2 pair of gloves {Dex+3}
SInv    +            T - +1 pair of boots
Will    .....        (no amulet)
Stlth   ++++++       V - +6 ring of intelligence
HPRegen 0.36/turn    C - ring of see invisible
MPRegen 0.17/turn

%: no passive effects
@: about to teleport, studying Necromancy
A: antennae 2, thin skeletal structure 3, foul stench 3
a: Renounce Religion, Draw Escape, Draw Destruction, Draw Summoning, Triple
Draw, Deal Four


You were on level 4 of the Lair of Beasts.
You worshipped Nemelex Xobeh.
Nemelex Xobeh was greatly pleased with you.
You visited 3 branches of the dungeon, and saw 17 of its levels.
You also visited: Ossuary, Bailey and Ice Cave.

You collected 965 gold pieces.
You spent 168 gold pieces at shops.

Inventory:

Hand Weapons
 a - a +3 vampiric rapier (weapon)
 b - the +5 long sword "Jufiq" {freeze, rF+ rC+ rCorr}
   (You found it on level 3 of the Dungeon)

   rF+:       It protects you from fire.
   rC+:       It protects you from cold.
   rCorr:     It protects you from acid and corrosion.
Missiles
 o - 5 silver javelins
 s - 5 darts of dispersal
 x - 27 boomerangs
 H - a curare-tipped dart (quivered)
Armour
 d - a +2 pair of gloves of dexterity (worn)
 p - a +1 cloak (worn)
 J - +1 swamp dragon scales (worn)
 T - a +1 pair of boots (worn)
Magical Staves
 y - a staff of earth
Jewellery
 q - an amulet of guardian spirit
 C - a ring of see invisible (right hand)
 V - a +6 ring of intelligence (left hand)
Wands
 j - a wand of acid (15)
 t - a wand of polymorph (6)
 u - a wand of flame (55)
 v - a wand of iceblast (24)
 G - a wand of paralysis (18)
Scrolls
 h - 3 scrolls of teleportation
 i - 2 scrolls of silence
 k - 2 scrolls of vulnerability
 n - a scroll of immolation
 r - a scroll of enchant weapon
 w - a scroll of torment
 K - 7 scrolls of identify
 L - a scroll of butterflies
 Q - a scroll of blinking
Potions
 c - 2 potions of invisibility
 e - 4 potions of lignification
 f - 2 potions of haste
 g - 2 potions of might
 l - 2 potions of curing
 m - 2 potions of brilliance
 E - 2 potions of ambrosia
Miscellaneous
 R - a tin of tremorstones (2/2)
 U - a phial of floods


   Skills:
 - Level 7.0 Fighting
 * Level 13.5 Short Blades
 - Level 5.0 Armour
 + Level 5.4 Dodging
 - Level 5.0 Stealth
 - Level 5.0 Spellcasting
 - Level 7.0 Hexes
 - Level 3.0 Ice Magic
 + Level 11.2 Invocations
 - Level 5.0 Evocations


You had 12 spell levels left.
You knew the following spells:

 Your Spells              Type           Power      Damage    Failure   Level
a - Confusing Touch       Hex            44%        N/A       3%          3
e - Ensorcelled Hibernat  Hex/Ice        66%        N/A       3%          2
k - Blink                 Tloc           12%        N/A       26%         2
t - Tukima's Dance        Hex            44%        N/A       3%          3

Your spell library contained the following spells:

 Spells                   Type           Power      Damage    Failure   Level
 Jinxbite                 Hex            88%        N/A       1%          2
 Dazzling Flash           Conj/Hex       50%        N/A       13%         3
 Inner Flame              Hex/Fire       25%        N/A       13%         3
 Summon Guardian Golem    Hex/Summ       25%        N/A       13%         3
 Apportation              Tloc           12%        N/A       19%         1
 Lesser Beckoning         Tloc           12%        N/A       26%         2
 Momentum Strike          Conj/Tloc      12%        3d8       26%         2
 Silence                  Hex/Air        12%        N/A       75%         5
 Flame Wave               Conj/Fire      6%         2d5       87%         4
 Passage of Golubria      Tloc           6%         N/A       87%         4
 Sticky Flame             Conj/Fire      6%         2d3       87%         4
 Alistair's Intoxication  Tmut/Pois      4%         N/A       99%         5
 Orb of Destruction       Conj           3%         9d5       100%        7
 Spellforged Servitor     Conj/Summ      3%         N/A       100%        7
 Lehudib's Crystal Spear  Conj/Erth      3%         10d2      100%        8


Dungeon Overview and Level Annotations

Branches:
Dungeon (11/15)            Temple (1/1) D:7            Lair (5/5) D:11
 Shoals (0/4) Lair:2       Spider (0/4) Lair:2        Slime (0/5) Lair:5
    Orc (0/2) D:11        Ossuary (visited)          Bailey (visited)
  IceCv (visited)

Altars:
Ashenzari
Cheibriados
Dithmenos
Fedhas
Gozag
Hepliaklqana
Kikubaaqudgha
Makhleb
Nemelex Xobeh
Okawaru
Qazlal
Ru
Sif Muna
Trog
Uskayaw
Vehumet
Wu Jian
Xom
Yredelemnul

Shops:
D:4 !

Annotations:
D:3 2 transporters, Xavori's ghost, amateur DjCK


Innate Abilities, Weirdness & Mutations

You have a pair of antennae on your head.
You have an unnaturally thin skeletal structure. (Dex +6, Stealth+++)
You frequently emit foul miasma when damaged in melee.


Message History

The death yak is lightly wounded.
The death yak gores something.
You hit the death yak but do no damage.
The death yak appears confused.
The death yak is lightly wounded.
The death yak is engulfed in dark miasma.
The death yak is poisoned.
The death yak gores the yak!
You hear a bellow!
The death yak is engulfed in dark miasma.
The death yak looks even sicker.
Found a robe.
The death yak gores the death yak!!
The death yak is engulfed in dark miasma.
The death yak looks even sicker.
The death yak gores something but does no damage.
The death yak is engulfed in dark miasma.
The death yak looks as sick as possible!
The death yak seems less confused.
The death yak attacks as it pursues you!
The death yak gores you.
You emit a cloud of foul miasma!
The death yak is engulfed in dark miasma.
The death yak is poisoned.
The death yak seems to slow down.
The death yak gores you!
The death yak is no longer moving slowly.
The death yak is engulfed in dark miasma.
The death yak looks even sicker.
The death yak attacks as it pursues you!
The death yak gores you!!
You emit a cloud of foul miasma!
The death yak is engulfed in dark miasma.
The death yak looks even sicker.
The death yak gores you!
* * * LOW HITPOINT WARNING * * *
You emit a cloud of foul miasma!
Okay, then.
As you read the scroll of teleportation, it crumbles to dust.
You feel strangely unstable.
The death yak is engulfed in dark miasma.
The death yak is poisoned.
The death yak gores you!
* * * LOW HITPOINT WARNING * * *
The death yak gores you!
You die...
Your body glows with a rainbow of weird colours and disappears.

.........## ### #...........
........{{####.### ##..........
........†##......# #..........
........#........###...........
...............○...##......)..?
#..#............☼..#.#.........
##.........Y.......##.......$..
###............YYY##
#.#..(..........@.[#
#.................#
#..................#
##............!......P
#.......................
##.................###..
##..............#.## #.
#..............# ##
##........#####.


You could see 4 death yaks.

Vanquished Creatures
  An emperor scorpion (Lair:3)
  Erolcha (D:9)
  3 hydras
  A two-headed ogre (D:11)
  3 boulder beetles
  A death yak (Lair:4)
  A lindwurm (Lair:3)
  A cyclops (D:11)
  3 black mambas
  Maggie (D:6)
  A torpor snail (Lair:4)
  11 cane toads
  7 komodo dragons
  A polar bear (Lair:2)
  2 hornets (Lair:3)
  Grinder (D:3)
  17 blink frogs
  A slime creature (IceCv)
  Sigmund (D:6)
  A shadow (D:11)
  3 wyverns
  A culicivora (Lair:2)
  A vampire (D:10)
  15 yaks
  A basilisk (Lair:1)
  A steam dragon (D:8)
  A redback (Lair:2)
  A warg (D:11)
  2 acid dragons (D:11)
  12 water moccasins
  5 black bears
  6 orc warriors
  An ice beast (D:7)
  6 wolves
  2 ogres
  10 centaurs
  2 phantoms
  18 bullfrogs
  An elf zombie (Ossuary)
  A slime creature simulacrum (IceCv)
  11 kobold brigands
  4 gnoll sergeants
  A scorpion (D:4)
  16 wights
  11 killer bees
  7 howler monkeys
  3 centaur zombies (Ossuary)
  2 sleepcaps
  5 orc priests
  Crazy Yiuf (D:2)
  5 hounds
  Ijyb (D:3)
  7 iguanas
  4 orc wizards
  4 hell rats (Lair:3)
  2 mummies (Ossuary)
  Robin (D:2)
  20 gnolls
  10 adders
  2 adder zombies (Ossuary)
  3 worms
  2 dart slugs (D:2)
  21 orcs
  7 endoplasms
  20 goblins
  4 hobgoblins
  6 jackals
  27 kobolds
  3 quokkas
  4 ball pythons
  6 bats
  3 frilled lizards
  2 goblin zombies (Ossuary)
  14 hobgoblin zombies (Ossuary)
  5 kobold zombies (Ossuary)
  9 orc zombies (Ossuary)
  8 rats
  A rat zombie (Ossuary)
411 creatures vanquished.

Vanquished Creatures (collateral kills)
  A gargoyle (D:11)
1 creature vanquished.

Grand Total: 412 creatures vanquished

Notes
Turn   | Place    | Note
-------+----------+-------------------------------------------
     0 | D:1      | porpoise the Demonspawn Enchanter began the quest for the
                  | Orb.
     0 | D:1      | Reached XP level 1. HP: 13/13 MP: 3/3
    34 | D:1      | Reached skill level 1 in Short Blades
   288 | D:1      | Gained mutation: You may rarely emit foul miasma when
                  | damaged in melee. [demonic ancestry]
   288 | D:1      | Reached XP level 2. HP: 7/19 MP: 5/5
   342 | D:1      | Learned a level 2 spell: Ensorcelled Hibernation
   968 | D:2      | Reached XP level 3. HP: 24/24 MP: 1/6
  1020 | D:2      | Learned a level 3 spell: Confusing Touch
  1180 | D:2      | Noticed Robin
  1191 | D:2      | Killed Robin
  1192 | D:2      | Reached skill level 1 in Ice Magic
  1194 | D:2      | Reached skill level 2 in Short Blades
  1414 | D:2      | Found a runed translucent door.
  1415 | D:2      | Noticed Crazy Yiuf
  1423 | D:2      | Killed Crazy Yiuf
  1424 | D:2      | Gained mutation: You have a somewhat thin skeletal
                  | structure. (Dex +2, Stealth+) [demonic ancestry]
  1424 | D:2      | Reached XP level 4. HP: 18/30 MP: 1/7
  2114 | D:2      | Identified the +2 hand axe of Embarrassment {flame, +Blink
                  | rPois Int+3}
  2447 | D:3      | Noticed Ijyb
  2457 | D:3      | Killed Ijyb
  2458 | D:3      | Gained mutation: You have a moderately thin skeletal
                  | structure. (Dex +4, Stealth++) [demonic ancestry]
  2458 | D:3      | Reached XP level 5. HP: 35/35 MP: 2/8
  2529 | D:3      | Found a faded altar of an unknown god.
  2774 | D:3      | Found a transporter.
  2774 | D:3      | Noticed Xavori's ghost (amateur DjCK)
  2779 | D:3      | Found a transporter.
  2827 | D:3      | Identified the +5 long sword "Jufiq" {freeze, rF+ rC+
                  | rCorr}
  2865 | D:3      | Noticed Grinder
  2888 | D:3      | Killed Grinder
  2889 | D:3      | Reached skill level 3 in Short Blades
  2889 | D:3      | Gained mutation: You have a pair of small antennae on your
                  | head. [demonic ancestry]
  2889 | D:3      | Reached XP level 6. HP: 31/41 MP: 4/9
  3283 | D:3      | Reached skill level 5 in Hexes
  3629 | D:4      | Gained mutation: You sometimes emit foul miasma when
                  | damaged in melee. [demonic ancestry]
  3629 | D:4      | Reached XP level 7. HP: 46/46 MP: 5/11
  3767 | D:4      | Reached skill level 4 in Short Blades
  4013 | D:4      | Identified a scroll of acquirement
  4013 | D:4      | Acquired a +2 pair of gloves of dexterity
  4062 | D:4      | Found Noapeamp's Distillery.
  4124 | D:4      | Found a sand-covered staircase.
  4132 | Ossuary  | Entered an ossuary
  4744 | D:4      | Bought a potion of curing for 42 gold pieces
  4744 | D:4      | Bought a potion of might for 56 gold pieces
  4744 | D:4      | Bought a potion of heal wounds for 70 gold pieces
  4804 | D:4      | Reached XP level 8. HP: 43/52 MP: 11/14
  5180 | D:5      | Entered Level 5 of the Dungeon
  5193 | D:5      | Reached skill level 5 in Short Blades
  6003 | D:6      | Acquired a +3 vampiric rapier
  6025 | D:6      | Noticed Maggie
  6032 | D:6      | Noticed Sigmund
  6054 | D:6      | Killed Maggie
  6138 | D:6      | Killed Sigmund
  6139 | D:6      | Reached skill level 5 in Spellcasting
  6143 | D:6      | Learned a level 3 spell: Tukima's Dance
  6224 | D:6      | Reached skill level 1 in Fighting
  6312 | D:6      | Reached skill level 6 in Short Blades
  6423 | D:6      | Gained mutation: You frequently emit foul miasma when
                  | damaged in melee. [demonic ancestry]
  6423 | D:6      | Reached XP level 9. HP: 34/62 MP: 7/16
  6908 | D:7      | Reached skill level 7 in Short Blades
  6995 | D:7      | Found a basalt altar of Yredelemnul.
  7175 | D:7      | Found a staircase to the Ecumenical Temple.
  7184 | Temple   | Entered the Ecumenical Temple
  7194 | Temple   | Became a worshipper of Nemelex Xobeh the Trickster
  7471 | D:7      | You are sucked into a shaft and drop 2 floors!
  7495 | D:9      | Found a shimmering altar of Xom.
  7560 | D:8      | Identified the staff "Deyps" {rN+ Str+5 Necro}
  7594 | D:7      | Found a flagged portal.
  7613 | Bailey   | Entered a bailey
  7694 | Bailey   | Reached skill level 5 in Fighting
  7698 | Bailey   | Reached skill level 1 in Invocations
  7946 | Bailey   | Reached skill level 8 in Short Blades
  7979 | Bailey   | Found a burning altar of Makhleb.
  8456 | D:8      | Reached XP level 10. HP: 50/74 MP: 14/17
  8632 | D:8      | Reached * piety under Nemelex Xobeh
  9494 | D:9      | Noticed Erolcha
  9505 | D:9      | Killed Erolcha
  9506 | D:9      | Reached skill level 9 in Short Blades
  9592 | D:9      | Received a gift from Nemelex Xobeh
  9606 | D:9      | Reached skill level 5 in Invocations
 10028 | D:9      | Reached skill level 5 in Dodging
 10175 | D:9      | Found an opulent altar of Gozag.
 10198 | D:9      | Reached skill level 1 in Armour
 10545 | D:10     | Entered Level 10 of the Dungeon
 11721 | D:10     | Reached ** piety under Nemelex Xobeh
 11975 | D:11     | Reached skill level 10 in Short Blades
 11980 | D:11     | Reached XP level 11. HP: 79/79 MP: 18/18
 12222 | D:11     | Found a staircase to the Lair.
 12396 | D:11     | Noticed a two-headed ogre
 12408 | D:11     | Killed a two-headed ogre
 12629 | D:11     | Found a staircase to the Orcish Mines.
 13217 | Lair:1   | Entered Level 1 of the Lair of Beasts
 13275 | Lair:1   | Reached skill level 5 in Armour
 13397 | Lair:1   | Reached skill level 11 in Short Blades
 13576 | Lair:1   | Reached *** piety under Nemelex Xobeh
 13632 | Lair:1   | Noticed a boulder beetle
 13634 | Lair:1   | Received a gift from Nemelex Xobeh
 13649 | Lair:1   | Killed a boulder beetle
 13804 | Lair:1   | Noticed a boulder beetle
 13816 | Lair:1   | Killed a boulder beetle
 13830 | Lair:1   | Reached skill level 5 in Stealth
 14145 | Lair:1   | Learned a level 2 spell: Blink
 14216 | Lair:1   | Reached skill level 1 in Evocations
 14261 | Lair:2   | Gained mutation: You have a pair of antennae on your head.
                  | [demonic ancestry]
 14261 | Lair:2   | Reached XP level 12. HP: 83/86 MP: 19/19
 14302 | Lair:2   | Noticed an eight-headed hydra
 14317 | Lair:2   | Killed an eight-headed hydra
 14427 | Lair:2   | Found a frozen archway.
 14562 | IceCv    | Entered an ice cave
 14920 | Lair:2   | Found a staircase to the Shoals.
 14962 | Lair:2   | Noticed a four-headed hydra
 14979 | Lair:2   | Killed a six-headed hydra
 15227 | Lair:2   | Reached skill level 12 in Short Blades
 15234 | Lair:2   | Found a hole to the Spider Nest.
 15805 | Lair:3   | Received a gift from Nemelex Xobeh
 15936 | Lair:3   | Reached skill level 5 in Evocations
 16022 | Lair:3   | Reached skill level 10 in Invocations
 16033 | Lair:3   | Noticed an eight-headed hydra
 16494 | Lair:3   | Reached **** piety under Nemelex Xobeh
 16835 | Lair:3   | Noticed a catoblepas
 16839 | Lair:3   | a catoblepas changed into an emperor scorpion
 16839 | Lair:3   | Noticed an emperor scorpion
 16858 | Lair:3   | Killed an emperor scorpion
 17030 | Lair:3   | Received a gift from Nemelex Xobeh
 17039 | Lair:3   | You fall into a shaft and drop 2 floors!
 17039 | Lair:5   | Entered Level 5 of the Lair of Beasts
 17049 | Lair:5   | Noticed a boulder beetle
 17059 | Lair:5   | Noticed a boulder beetle
 17187 | Lair:5   | Killed a boulder beetle
 17261 | Lair:5   | Noticed a catoblepas
 17282 | Lair:5   | Noticed a death yak
 17283 | Lair:5   | Reached skill level 13 in Short Blades
 17283 | Lair:5   | Noticed a death yak
 17284 | Lair:5   | Noticed a boulder beetle
 17285 | Lair:5   | Noticed a death yak
 17286 | Lair:5   | Noticed a five-headed hydra
 17598 | Lair:4   | Gained mutation: You have an unnaturally thin skeletal
                  | structure. (Dex +6, Stealth+++) [demonic ancestry]
 17598 | Lair:4   | Reached XP level 13. HP: 95/95 MP: 21/21
 19865 | Lair:4   | Slain by a death yak

Illustrated notes

Levels and vault maps discovered:
D:1:      lightli_arrival_chessboard, layout_basic
D:2:      layout_basic, minmay_door_square, uniq_crazy_yiuf_cottage, uniq_robin
D:3:      layout_loops_corners, ebering_ecumenical_altar_ruins,
          gammafunk_ghost_mausoleum, uniq_grinder, uniq_ijyb
D:4:      layout_basic, nicolae_ossuary_entry_plus, serial_shops,
          nicolae_shop_industrial_runoff, hangedman_decor_clover_reticule,
          minmay_statues_item
D:5:      layout_loops_ring, nicolae_tso_swordbearing_angel
D:6:      layout_rooms, serial_glass, glass_columns_b, glass_columns_b,
          glass_columns_c, glass_columns_a, glass_columns_b, glass_columns_a,
          minmay_strange_pillars, uniq_maggie, uniq_sigmund
D:7:      layout_loops_ring, mainiacjoe_overflow_six_doors_small,
          minmay_temple_entry_hall, enter_bailey_3
D:8:      layout_basic
D:9:      layout_basic, mainiacjoe_overflow_large_starburst, uniq_erolcha
D:10:     layout_loops_ring
D:11:     layout_basic, lair_entry_dummy, david_orc_3
Temple:   compressed_dpeg_circular_temple
Lair:1:   layout_chaotic_city, patterned_corridor, infiniplex_staircase_pool
Lair:2:   layout_cellular_growth, elwin_shoals_entry_rocks,
          spider_nest_entry_funnel_web, portal_ice_cave_entry_pillars_2,
          beast_lair_carwin_3
Lair:3:   cheibrodos_lair_overgrown_chateau, layout_layer_cave
Lair:4:   layout_cave_pods, lemuel_fruit_fields, infiniplex_staircase_pool_2
Lair:5:   guppyfry_lair_end_dragon, layout_regular_city,
          hangedman_lair_tendril_chambers, minmay_slime_entry_pillars

Skill      XL: |  1  2  3  4  5  6  7  8  9 10 11 12 13 |
---------------+----------------------------------------+-----
Short Blades   | 1 2 3 4 6 8 10 11 13 | 13.5
Ice Magic      | 1 2 3 |  3.0
Hexes          | 4 5 6 7 |  7.0
Spellcasting   | 4 5 |  5.0
Fighting       | 2 5 6 7 |  7.0
Invocations    | 3 6 8 10 11 | 11.2
Dodging        | 3 5 |  5.4
Armour         | 3 5 |  5.0
Stealth        | 5 |  5.0
Evocations     | 1 5 |  5.0

Action                     |  1- 3 |  4- 6 |  7- 9 | 10-12 | 13-15 || total
---------------------------+-------+-------+-------+-------+-------++-------
  Melee: Dagger            |   106 |   115 |   168 |       |       ||   389
         Punch             |     1 |     4 |    10 |    14 |     2 ||    31
         Long sword        |       |       |    64 |    14 |       ||    78
         Hand axe          |       |       |     2 |       |       ||     2
         Rapier            |       |       |   190 |   819 |   174 ||  1183
  Throw: Javelin           |     5 |       |       |       |       ||     5
         Dart              |       |     3 |    27 |    24 |     3 ||    57
         Boomerang         |       |       |       |    10 |     6 ||    16
         Throwing net      |       |       |       |     1 |       ||     1
   Cast: Ensorcelled Hiber |     4 |    18 |    34 |    62 |     5 ||   123
         Confusing Touch   |     1 |     3 |    10 |    40 |     6 ||    60
 Invoke: Draw Destruction  |       |       |       |     6 |       ||     6
         Draw Summoning    |       |       |       |     1 |       ||     1
    Use: Scroll            |       |       |    16 |     9 |     2 ||    27
         Potion            |       |       |     7 |     5 |     2 ||    14
   Stab: Sleeping          |    10 |    23 |    32 |    60 |     4 ||   129
         Confused          |       |     1 |     7 |    40 |     4 ||    52
         Invisible         |       |       |    10 |       |       ||    10
         Distracted        |       |       |     1 |     1 |     1 ||     3
         Held in net/web   |       |       |       |     1 |       ||     1
 Armour: Robe              |    32 |    41 |   136 |       |       ||   209
         Steam dragon scal |       |       |    98 |       |       ||    98
         Swamp dragon scal |       |       |    19 |   538 |    93 ||   650
  Dodge: Dodged            |    59 |    53 |   293 |   413 |    50 ||   868

Table legend: (Time is in decaauts)
 A = Elapsed time spent in this place.
 B = Non-inter-level travel time spent in this place.
 C = Inter-level travel time spent in this place.
 D = Time resting spent in this place.
 E = Time spent auto-exploring this place.
 F = Levels seen in this place.
 G = Mean time per level.
                   A        B        C        D        E       F      G
               +--------+--------+--------+--------+--------+-----+--------+
         Total |  19430 |  18771 |    659 |   5818 |   8239 |  20 |  971.5 |
       Dungeon |  12042 |  11606 |    436 |   3172 |   5833 |  11 | 1094.7 |
        Temple |     19 |     11 |      8 |      0 |      0 |   1 |   19.0 |
          Lair |   6352 |   6137 |    215 |   2423 |   2392 |   5 | 1270.4 |
       Ossuary |    488 |    488 |      0 |    104 |      3 |   1 |  488.0 |
        Bailey |    477 |    477 |      0 |    119 |     11 |   1 |  477.0 |
      Ice Cave |     50 |     50 |      0 |      0 |      0 |   1 |   50.0 |
               +--------+--------+--------+--------+--------+-----+--------+

Top non-repeatable levels by time:
  Lair:3: 2883 daAuts
     D:2: 1548 daAuts
  Lair:2: 1466 daAuts
    D:11: 1378 daAuts
     D:3: 1264 daAuts
    D:10: 1222 daAuts
     D:9: 1100 daAuts
     D:8: 998 daAuts
     D:7: 990 daAuts
  Lair:1: 958 daAuts
     D:4: 945 daAuts
     D:1: 888 daAuts
     D:6: 884 daAuts
     D:5: 821 daAuts
  Lair:4: 790 daAuts
